 Dungeon Crawl Stone Soup version 0.21.0-3-g78d12a8 (webtiles) character file.

293 nuthulu the Cudgeler (level 6, -3/39 HPs)
             Began as a Gargoyle Fighter on Jan 9, 2018.
             Slain by a gnoll
             ... wielding a +4 halberd of venom
              (7 damage)
             ... on level 3 of the Dungeon.
             The game lasted 00:05:25 (2822 turns).

nuthulu the Cudgeler (Gargoyle Fighter)             Turns: 2822, Time: 00:05:26

Health: -3/39      AC: 12    Str: 24    XL:     6   Next: 33%
Magic:  6/6        EV:  7    Int:  9    God:
Gold:   117        SH:  9    Dex: 11    Spells: 5/5 levels left

rFire    + . .     SeeInvis .   a - +1 flail
rCold    . . .     Gourm    .   c - +0 shield
rNeg     + + .     Faith    .   b - +0 scale mail
rPois    ∞         Spirit   .   n - +0 helmet
rElec    +         Reflect  .   (no cloak)
rCorr    .         Harm     .   (no gloves)
MR       .....                  (no boots)
Stlth    ..........             (no amulet)
HPRegen  0.13/turn              m - ring of protection from fire
MPRegen  0.10/turn              k - ring of positive energy

@: mighty
A: negative energy resistance 1, electricity resistance, unbreathing,
petrification resistance, rot immunity, AC +4
a: no special abilities


You were on level 3 of the Dungeon.
You were hungry.

You visited 1 branch of the dungeon, and saw 3 of its levels.

You collected 117 gold pieces.

Inventory:

Hand Weapons
 a - a +1 flail (weapon)
Armour
 b - a +0 scale mail (worn)
 c - a +0 shield (worn)
 n - a +0 helmet (worn)
Jewellery
 j - a +3 ring of intelligence
 k - a ring of positive energy (right hand)
 m - a ring of protection from fire (left hand)
Scrolls
 l - a scroll of magic mapping
Potions
 d - a potion of might
 e - 3 potions of heal wounds {unknown}
 g - a potion of curing {unknown}
 h - a potion of mutation {unknown}
Comestibles
 f - 4 rations
 i - 2 chunks of flesh


   Skills:
 * Level 4.6 Fighting
 * Level 5.6 Maces & Flails
 - Level 3.2 Armour
 - Level 0.3 Dodging
 - Level 0.2 Stealth
 - Level 3.2 Shields


You had 5 spell levels left.
You didn't know any spells.

Dungeon Overview and Level Annotations

Branches:
Dungeon (3/15)

Altars:


Innate Abilities, Weirdness & Mutations

You are resistant to torment.
Your stone body is resilient. (AC +4)
You are immune to poison.
You resist negative energy. (rN+)
You are resistant to electric shocks. (rElec)
You can survive without breathing.
You are immune to petrification.
You are immune to rotting.


Message History

The gnoll is almost dead.
You block the gnoll's attack. x2
You sock the gnoll!
You kill the gnoll!
The gnoll hits you from afar with a halberd of venom.
There is a stone staircase leading up here.
You thump the gnoll!
You kill the gnoll!
The gnoll closely misses you. You block the gnoll's attack.
Things that are here:
a flail; a gnoll corpse You sock the gnoll!
The gnoll is severely wounded.
The gnoll hits you with a halberd of venom!
* * * LOW HITPOINT WARNING * * *
You closely miss the gnoll.
The gnoll is severely wounded.
The gnoll hits you with a halberd of venom!
You die...

.?.... ..g
.. ....g#
#....
#.#.##
....###
#....#
####.#
##.###.@g.#
#.....<####
......###
#####


You could see a gnoll.

Vanquished Creatures
  The ghost of dobroeutro the Slasher, an amateur DsFi (D:3)
  Robin (D:2)
  7 gnolls
  2 adders
  2 oozes
  A dart slug (D:1)
  4 bats
  4 giant cockroaches
  20 goblins
  6 hobgoblins
  3 ball pythons
  2 frilled lizards
  7 kobolds
  2 rats (D:1)
62 creatures vanquished.

Notes
Turn   | Place    | Note
-------+----------+-------------------------------------------
     0 | D:1      | nuthulu the Gargoyle Fighter began the quest for the Orb.
     0 | D:1      | Reached XP level 1. HP: 14/14 MP: 1/1
   236 | D:1      | Reached XP level 2. HP: 19/19 MP: 2/2
   747 | D:1      | Reached skill level 3 in Maces & Flails
   753 | D:1      | Reached XP level 3. HP: 22/23 MP: 3/3
  1638 | D:1      | Reached XP level 4. HP: 20/29 MP: 4/4
  1952 | D:2      | Reached skill level 4 in Maces & Flails
  2064 | D:2      | Noticed Robin
  2376 | D:2      | Killed Robin
  2376 | D:2      | Reached XP level 5. HP: 32/33 MP: 5/5
  2770 | D:3      | Noticed dobroeutro's ghost (amateur DsFi)
  2803 | D:3      | Killed dobroeutro's ghost
  2803 | D:3      | Reached skill level 5 in Maces & Flails
  2803 | D:3      | Reached XP level 6. HP: 20/39 MP: 6/6
  2822 | D:3      | Slain by a gnoll

Skill      XL: |  1  2  3  4  5 |
---------------+----------------+-----
Maces & Flails | 3 4 5 |  5.6
Fighting       | 4 |  4.6
Armour         | |  3.2
Dodging        | |  0.3
Stealth        | |  0.2
Shields        | |  3.2

Action                   |  1- 3 |  4- 6 || total
-------------------------+-------+-------++-------
Melee: Flail             |   150 |   102 ||   252
  Use: Scroll            |     3 |     2 ||     5
       Potion            |       |     1 ||     1
  Eat: Chunk             |     2 |     4 ||     6
Armor: Scale mail        |   114 |    85 ||   199
Dodge: Dodged            |    41 |    34 ||    75
Block: Shield            |   103 |    86 ||   189
